 Dungeon Crawl Stone Soup version 0.28-a0-514-g0d7ab7f379 (webtiles) character file.

Game seed: 1859876901816291353

377 pokeman the Magician (level 6, -2/34 HPs)
             Began as a Deep Elf Hedge Wizard on Sept 22, 2021.
             Slain by a scorpion (7 damage)
             ... on level 4 of the Dungeon.
             The game lasted 00:10:37 (3602 turns).

pokeman the Magician (Deep Elf Hedge Wizard)        Turns: 3602, Time: 00:10:38

Health: -2/34      AC:  5    Str:  7    XL:     6   Next: 45%
Magic:  16/18      EV: 12    Int: 21    God:
Gold:   157        SH:  0    Dex: 14    Spells: 8/19 levels left

rFire   . . .      SeeInvis .   n - +1 falchion (drain)
rCold   . . .      Faith    .   (no shield)
rNeg    . . .      Spirit   .   e - +0 leather armour
rPois   .          Reflect  .   l - +0 helmet
rElec   .          Harm     .   (no cloak)
rCorr   .          Rampage  .   i - +0 pair of gloves
Will    .....                   (no boots)
Stlth   ++........              (no amulet)
HPRegen 0.11/turn               j - ring of flight
MPRegen 0.16/turn               (no ring)

@: flying
A: no striking features
a: no special abilities


You were on level 4 of the Dungeon.
You visited 1 branch of the dungeon, and saw 4 of its levels.

You collected 157 gold pieces.

Inventory:

Hand Weapons
 n - a +1 falchion of draining (weapon)
Missiles
 a - 17 bolts
Armour
 e - a +0 leather armour (worn)
 i - a +0 pair of gloves (worn)
 l - a +0 helmet (worn)
 q - a +1 robe of resistance
Jewellery
 j - a ring of flight (left hand)
 m - an amulet of guardian spirit
 t - an amulet of reflection
Scrolls
 b - a scroll of noise {unknown}
 c - 3 scrolls of identify {unknown}
 g - a scroll of teleportation {unknown}
 r - a scroll of immolation {unknown}
 s - a scroll of magic mapping {unknown}
Potions
 d - a potion of curing {unknown}
 f - a potion of cancellation {unknown}
 h - 2 potions of heal wounds {unknown}
 k - a potion of degeneration {unknown}
 o - a potion of ambrosia {unknown}
 p - a potion of flight {unknown}


   Skills:
 - Level 1.0 Fighting
 - Level 1.0 Armour
 - Level 3.0 Dodging
 + Level 3.4 Stealth
 * Level 7.1 Spellcasting
 + Level 3.3 Conjurations
 - Level 1.1 Summonings
 - Level 1.1 Translocations
 - Level 1.3 Fire Magic
 + Level 1.5 Air Magic


You had 8 spell levels left.
You knew the following spells:

 Your Spells              Type           Power      Damage    Failure   Level
a - Magic Dart            Conj           84%        1d7       3%          1
b - Mephitic Cloud        Conj/Pois/Air  14%        N/A       21%         3
c - Call Imp              Summ           12%        N/A       12%         2
d - Blink                 Tloc           N/A        N/A       12%         2
e - Conjure Flame         Conj/Fire      17%        6-21      14%         3

Your spell library contained the following spells:

 Spells                   Type           Power      Damage    Failure   Level
 Slow                     Hex            7%         N/A       19%         2


Dungeon Overview and Level Annotations

Branches:
Dungeon (4/15)
 Temple: D:4-7

Altars:
Okawaru


Message History

You are more poisoned.
The scorpion poisons you!
The scorpion stings you but does no damage.
Casting: Magic Dart (safe; 3% risk of failure)
Confirm with . or Enter, or press ? or * to list all spells.
The spell is quite dangerous to cast (21% risk of failure)!
Continue anyway?
Aiming: Mephitic Cloud (quite dangerous; 21% risk of failure)
Press: ? - help, Shift-Dir - straight line, f/p - scorpion
Aim: a scorpion (lightly wounded, chance to affect: 81%) That beam is likely to hit you.
Continue anyway?
The ball explodes into a vile cloud!
The stinking cloud engulfs the scorpion but does no damage.
The scorpion is lightly wounded.
The stinking cloud engulfs you but does no damage.
You are engulfed in noxious fumes.
You choke on the stench!
You are confused.
You feel very sick.
The scorpion is engulfed in noxious fumes.
The scorpion appears confused.
The scorpion closely misses you.
Unknown command.
You bump into the rock wall.
You are engulfed in noxious fumes.
You choke on the stench!
You are more confused.
You feel very sick.
The scorpion is engulfed in noxious fumes.
Unknown command.
You're too confused to move!
You are engulfed in noxious fumes.
You choke on the stench!
You are more confused.
You feel sick.
You feel sick.
The scorpion is engulfed in noxious fumes.
Unknown command.
You feel sick.
You feel sick.
You feel less confused.
You feel sick.
You feel sick.
You feel sick.
You are no longer poisoned.
The scorpion stings you!
You die...

#.# #.#.# #...#.#
..........###.
#.###.#.####...#.##..........#
. ....................
#.###.#...... .....
............. ...
#.###.#.##### #.# #..##.#.#
#.#### ##.##.#.########s...#
#.##.#.........@##.#
#.##.#..######### # #.##.#..#
#.......# #.##.#### .........#
##.##.#### #.##.# #.####


You could see a scorpion (confused).

Vanquished Creatures
  Sigmund (D:3)
  An orc priest (D:3)
  2 orc wizards (D:3)
  An adder (D:3)
  3 gnolls
  3 worms (D:2)
  10 orcs
  9 ball pythons
  8 endoplasms
  2 giant cockroaches (D:2)
  5 goblins
  5 hobgoblins
  2 jackals (D:1)
  6 kobolds
  3 quokkas
  4 bats
  6 frilled lizards
  7 rats
78 creatures vanquished.

Notes
Turn   | Place    | Note
-------+----------+-------------------------------------------
     0 | D:1      | pokeman the Deep Elf Hedge Wizard began the quest for the
                  | Orb.
     0 | D:1      | Reached XP level 1. HP: 10/10 MP: 7/7
   282 | D:1      | Reached XP level 2. HP: 16/16 MP: 1/9
   589 | D:1      | Found a faded altar of an unknown god.
   907 | D:1      | Reached skill level 5 in Spellcasting
  1365 | D:2      | Reached XP level 3. HP: 20/20 MP: 5/11
  1465 | D:2      | Learned a level 3 spell: Mephitic Cloud
  1468 | D:2      | Learned a level 2 spell: Call Imp
  1474 | D:2      | Learned a level 2 spell: Blink
  1478 | D:2      | Learned a level 3 spell: Conjure Flame
  2088 | D:2      | Reached skill level 1 in Fighting
  2197 | D:3      | Reached skill level 1 in Armour
  2314 | D:2      | Reached XP level 4. HP: 21/25 MP: 13/13
  2476 | D:3      | Reached skill level 1 in Fire Magic
  2490 | D:3      | Reached skill level 6 in Spellcasting
  2490 | D:3      | Reached XP level 5. HP: 24/29 MP: 1/15
  2710 | D:3      | Found an iron altar of Okawaru.
  3092 | D:3      | Noticed Sigmund
  3103 | D:3      | Killed Sigmund
  3104 | D:3      | Reached skill level 1 in Air Magic
  3104 | D:3      | Reached XP level 6. HP: 30/34 MP: 10/17
  3370 | D:3      | Reached skill level 7 in Spellcasting
  3602 | D:4      | Slain by a scorpion

Illustrated notes

Levels and vault maps discovered:
D:1:      denvon_arrival_planthouse, layout_basic,
          shapermc_ecumenical_altar_totnotflames, minmay_liquid_box
D:2:      layout_rooms
D:3:      layout_rooms, okawaru_trees_1, columned_hall_lemuel, uniq_sigmund
D:4:      layout_basic

Skill      XL: |  1  2  3  4  5  6 |
---------------+-------------------+-----
Spellcasting   | 5 6 7 |  7.1
Conjurations   | 2 3 |  3.3
Fighting       | 1 |  1.0
Armour         | 1 |  1.0
Fire Magic     | 1 |  1.3
Dodging        | 3 |  3.0
Stealth        | 3 |  3.4
Air Magic      | 1 |  1.5
Summonings     | |  1.1
Translocations | |  1.1

Action                   |  1- 3 |  4- 6 || total
-------------------------+-------+-------++-------
Melee: Dagger            |    14 |       ||    14
       Falchion          |     5 |    37 ||    42
 Cast: Magic Dart        |   108 |    64 ||   172
       Mephitic Cloud    |     1 |     6 ||     7
       Conjure Flame     |       |     1 ||     1
 Stab: Confused          |     1 |     3 ||     4
       Sleeping          |       |     1 ||     1
Armor: Leather armour    |    15 |    25 ||    40
Dodge: Dodged            |    21 |    32 ||    53

Table legend: (Time is in decaauts)
 A = Elapsed time spent in this place.
 B = Non-inter-level travel time spent in this place.
 C = Inter-level travel time spent in this place.
 D = Time resting spent in this place.
 E = Time spent auto-exploring this place.
 F = Levels seen in this place.
 G = Mean time per level.
                   A        B        C        D        E       F      G
               +--------+--------+--------+--------+--------+-----+--------+
         Total |   3620 |   3496 |    124 |    263 |   2650 |   4 |  905.0 |
       Dungeon |   3620 |   3496 |    124 |    263 |   2650 |   4 |  905.0 |
               +--------+--------+--------+--------+--------+-----+--------+

Top non-repeatable levels by time:
     D:1: 1443 daAuts
     D:3: 1124 daAuts
     D:2: 810 daAuts
     D:4: 241 daAuts
